AoeStats
← Cer Spence

Arena

510132390Analyzed
2v2 RM · 2d ago on Sep 29, 2026· 51m 47s· 4 players
Game mode
Random Map
Map size
Medium (4 player)
Population
200
Speed
Normal
Resources
Standard
Victory
Conquest
Starting age
Dark Age
Ending age
Imperial Age
RankedLock teamsTeams togetherTeam positionsShared explorationLock speedFull tech treeHidden civsTurbo modeCheats
Victory
Defeat
🇸🇪 Koreans · Sweden
597
+17
🇸🇪 Goths · Sweden
586
+17
🇷🇺 Georgians · Russia
627
-17
🇷🇺 Persians · Russia
612
-17
Ragnar Lothbrok
12:32 Feudal Age
12:58 Horse Collar
13:07 Double-Bit Axe
22:30 Castle Age
20:37 Fletching
23:15 Thumb Ring
25:21 Elite Skirmisher
25:30 Elite Skirmisher
26:52 Heavy Plow
28:18 Bow Saw
29:02 Crossbowman
29:46 Bodkin Arrow
32:10 Parthian Tactics
43:07 Forging
43:03 Scale Barding Armor
44:29 Ballistics
49:28 Iron Casting
49:14 Chain Barding Armor
50:48 Kamandaran
jesse.
11:15 Feudal Age
11:41 Horse Collar
11:48 Double-Bit Axe
14:45 Town Watch
15:13 Gold Mining
16:23 Wheelbarrow
18:21 Stone Mining
21:42 Castle Age
22:02 Scale Barding Armor
22:41 Bow Saw
22:32 Heavy Plow
23:29 Chain Barding Armor
23:48 Husbandry
28:07 Forging
29:38 Hand Cart
30:10 Bloodlines
33:54 Town Patrol
40:39 Imperial Age
39:54 Iron Casting
40:28 Murder Holes
40:45 Masonry
42:44 Chemistry
41:08 Capped Ram
42:12 Arson
43:27 Conscription
50:48 Architecture
52:27 Crop Rotation
General Sauce
13:36 Feudal Age
20:09 Horse Collar
20:21 Gold Mining
20:22 Stone Mining
20:20 Double-Bit Axe
23:06 Wheelbarrow
23:10 Forging
23:00 Scale Mail Armor
25:20 Castle Age
24:00 Wheelbarrow
32:38 Iron Casting
32:18 Chain Mail Armor
32:05 Padded Archer Armor
32:30 Bow Saw
38:22 Imperial Age
39:51 Heavy Plow
44:24 Pikeman
45:07 Squires
49:34 Crop Rotation
49:30 Leather Archer Armor
49:50 Halberdier
Cer Spence
12:37 Feudal Age
13:06 Double-Bit Axe
13:57 Loom
14:21 Horse Collar
17:49 Castle Age
27:42 Wheelbarrow
28:06 Gold Mining
29:59 Gold Shaft Mining
30:19 Stone Mining
31:30 Fletching
32:33 Ballistics
33:28 Bow Saw
34:01 Hand Cart
37:34 Imperial Age
35:33 Fortified Wall
35:32 Bodkin Arrow
36:15 Heavy Plow
36:13 Murder Holes
37:49 Stone Shaft Mining
38:55 Bracer
38:55 Town Watch
40:39 Two-Man Saw
40:02 Town Patrol
40:29 Heavy Rocket Cart
42:54 Shinkichon
45:21 Forging
45:17 Scale Barding Armor
45:34 Scale Mail Armor
45:00 Pikeman
45:41 Squires
45:26 Arson
49:23 Iron Casting
49:03 Chain Mail Armor
49:51 Chemistry
49:53 Halberdier
Connection lost

Rejoining the realm…

Still unreachable

The connection could not be restored.

Session expired

The server has moved on; the page needs a fresh start.